cohdb
Replays
Latest Replays
All Replays
Popular Replays
Top Player Replays
Match Explorer
How It Works
Community
CoH3 Stats
Reddit
Sign in to upload your games and track your stats! →
Sign in with Steam
Match 43373431
Unlisted
Match 43373431
Overview
Messages
Build Orders
End
Kradschützen Motorcycle Team
Kradschützen Motorcycle Team
Selects Armored Support Battlegroup
Selects Armored Support Battlegroup
250 Light Carrier
Construct Light Support Kompanie
Assault Grenadier Squad
Panzerjäger Squad
Fire Support Elements
Selects Superior Fire Drills
MG34 Team
Vehicle Survival Package
Flakvierling Half-track
Pak 38 Anti-tank Gun Team
Construct Mechanized Kompanie
StuG III D Assault Gun
254 Reconnaissance Tractor
Emergency Repair Kits
Veteran Squad Leaders
Rapid Advance
StuG III D Assault Gun
Selects Flammpanzer III Medium Tank
2.5-tonne Medical Truck
Selects Salvage Kits
Willaguy
Denchik☭
0
0
Comments
sign in to comment!
No comments posted yet!